 Dungeon Crawl Stone Soup version 0.30.0-29-ga12c61a403 (webtiles) character file.

Game seed: 3402312126487042324

7212 cheesebisquit the Grappler (level 10, -1/150 (153) HPs)
             Began as a Troll Fighter on June 9, 2023.
             Was a Follower of Wu Jian.
             Slain by Sonja
             ... wielding a +1 short sword of draining
              (3 damage)
             ... on level 10 of the Dungeon.
             The game lasted 00:26:55 (6835 turns).

cheesebisquit the Grappler (Troll Fighter)          Turns: 6835, Time: 00:26:55

HP:   -1/150 (153)  AC:  4    Str: 36    XL:     10   Next: 87%
MP:   9/9           EV: 10    Int:  8    God:    Wu Jian [*.....]
Gold: 561           SH: 15    Dex: 12    Spells: 9/9 levels left

rFire   . .          .
                       - Unarmed
rCold   . . .        b - +0 kite shield
rNeg    . . .        G - +0 robe of the Black Moon {Str+4 Dex+3}
rPois   .            (helmet restricted)
rElec   .            (no cloak)
rCorr   .            (gloves unavailable)
SInv    .            (boots unavailable)
Will    .....        w - amulet of reflection Stlth
                     t - +4 ring of slaying
HPRegen 1.25/turn    u - +6 ring of strength
MPRegen 0.11/turn

%: reflection
@: berserking (expiring), lightly drained, very quick
A: large, unfitting armour, claws 3, regeneration 1, shaggy fur 1, tough skin 1
a: Renounce Religion


You were on level 10 of the Dungeon.
You worshipped Wu Jian.
Wu Jian was aware of your devotion.
You visited 2 branches of the dungeon, and saw 11 of its levels.

You collected 561 gold pieces.

Inventory:

Hand Weapons
 a - a +4 morningstar
 z - the +7 scimitar "Ogre's Funeral" {holy, rC+ Str+3 Int+4}
   (You found it on level 6 of the Dungeon)

   Str:       It affects your strength (+3).
   Int:       It affects your intelligence (+4).
   rC:        It protects you from cold.
Missiles
 d - a throwing net
 l - 10 poisoned darts (quivered)
 B - 3 boomerangs
Armour
 b - a +0 kite shield (worn)
 A - a +2 robe of resistance
 G - the +0 robe of the Black Moon (worn) {Str+4 Dex+3}
   (You found it on level 9 of the Dungeon)

   Str:       It affects your strength (+4).
   Dex:       It affects your dexterity (+3).
Jewellery
 t - a +4 ring of slaying (left claw)
 u - a +6 ring of strength (right claw)
 w - an amulet of reflection (around neck)
 y - a +6 ring of intelligence
 H - a ring of see invisible
Wands
 C - a wand of charming (10)
Scrolls
 f - a scroll of butterflies
 g - 2 scrolls of immolation
 h - 2 scrolls of fog
 i - a scroll of teleportation
 k - 2 scrolls of poison
 q - a scroll of fear {unknown}
 r - 2 scrolls of vulnerability
 s - a scroll of enchant weapon
 D - a scroll of magic mapping {unknown}
 E - a scroll of acquirement {unknown}
 I - a scroll of enchant armour {unknown}
Potions
 c - 4 potions of mutation
 e - 5 potions of lignification
 j - 4 potions of heal wounds
 m - 6 potions of flight
 n - a potion of resistance
 o - 2 potions of cancellation
 p - a potion of invisibility {unknown}
 x - 5 potions of curing
 F - a potion of attraction {unknown}


   Skills:
 + Level 7.1 Fighting
 + Level 4.9 Dodging
 + Level 7.8 Shields
 * Level 11.5 Unarmed Combat


You had 9 spell levels left.
You didn't know any spells.
Your spell library contained the following spells:

 Spells                   Type           Power      Damage    Failure   Level
 Apportation              Tloc           0%         N/A       56%         1
 Necrotise                Necr           0%         1d4       56%         1
 Summon Small Mammal      Summ           0%         N/A       56%         1
 Poisonous Vapours        Pois/Air       0%         N/A       71%         2
 Scorch                   Fire           0%         2d5       71%         2
 Mephitic Cloud           Conj/Pois/Air  0%         N/A       90%         3
 Ozocubu's Armour         Ice            0%         N/A       90%         3
 Anguish                  Hex/Necr       0%         N/A       100%        4
 Cause Fear               Hex            0%         N/A       100%        4
 Flame Wave               Conj/Fire      0%         2d4       100%        4
 Freezing Cloud           Conj/Ice/Air   0%         6-21      100%        5
 Metabolic Englaciation   Hex/Ice        0%         N/A       100%        5
 Simulacrum               Ice/Necr       0%         N/A       100%        6
 Summon Cactus Giant      Summ           0%         N/A       100%        6
 Enfeeble                 Hex            0%         N/A       100%        7


Dungeon Overview and Level Annotations

Branches:
Dungeon (10/15)            Temple (1/1) D:4            Lair (0/5) D:8
    Orc: D:9-12

Altars:
Ashenzari
Dithmenos
Fedhas
Gozag
Hepliaklqana
Kikubaaqudgha
Makhleb
Nemelex Xobeh
Okawaru
Qazlal
Ru
Sif Muna
Trog
Uskayaw
Vehumet
Wu Jian
Xom
Yredelemnul
Zin
The Shining One

Annotations:
D:2 Natasha, Sigmund
D:3 1 transporter, seaoflcl's ghost, amateur MiFi
D:5 5 runed translucent doors, Tiring's ghost, amateur GnCA
D:10 2 transporters, Sonja


Innate Abilities, Weirdness & Mutations

You are too large for most types of armour.
You have claws for hands.
Your natural rate of healing is unusually fast.
You are covered in fur. (AC +1)
You have tough skin. (AC +1)


Message History

You claw Snorg!
Snorg is heavily wounded.
You block Snorg's attack. Snorg claws you!
* * * LOW HITPOINT WARNING * * *
You block Snorg's attack.
You claw Snorg!
Snorg is heavily wounded.
You mangle Snorg!!
Snorg is severely wounded.
Snorg bites you.
* * * LOW HITPOINT WARNING * * *
You block Snorg's attack. Snorg barely misses you.
You barely miss Snorg.
Snorg is severely wounded.
Snorg bites you!
* * * LOW HITPOINT WARNING * * *
Snorg claws you.
* * * LOW HITPOINT WARNING * * *
You block Snorg's attack.
You mangle Snorg!!
Snorg is almost dead.
You block Snorg's attack. Snorg claws you!
* * * LOW HITPOINT WARNING * * *
You block Snorg's attack.
You claw Snorg!
Snorg is almost dead.
You block Snorg's attack. Snorg claws you.
* * * LOW HITPOINT WARNING * * *
Snorg claws you.
* * * LOW HITPOINT WARNING * * *
You mangle Snorg!!
You kill Snorg!
The Council accepts your kill.
The troll leather armour {Snorg} is intact enough to wear.
You completely miss Sonja. Sonja barely misses you.
You block Sonja's attack. x2
You closely miss Sonja. You block Sonja's attack.
Sonja hits you with a +1 short sword of draining!
* * * LOW HITPOINT WARNING * * *
You feel drained.
You die...

### ##.#..........
#..# ..##.........
#...###9h#........
......####....h..
.......©......#
..............#
.......h....#
###########K###†..#
........# #@# ##..#
#######.# #.# ..#
eoo#~8#.# #.# ....
≈≈≈#.P#.###.# #...>
~..#($#..#..# ##...
~..+|©#©....# .##
~..#?$#..##<#
≈≈≈#.P#.#####
..K#~8#.#


You could see a toenail golem, a raiju, Sonja and a howler monkey.

Vanquished Creatures
  Snorg (D:10)
  Joseph (D:9)
  A kobold demonologist (D:9)
  A troll (D:9)
  A wraith (D:9)
  A wyvern (D:9)
  A vampire (D:9)
  8 yaks
  2 steam dragons
  A water moccasin (D:6)
  Duvessa (D:6)
  Pargi (D:4)
  2 black bears (D:5)
  An ice beast (D:5)
  An orc warrior (D:7)
  2 sky beasts
  7 centaurs
  An ogre (D:3)
  A kobold brigand (D:7)
  3 phantoms (D:6)
  2 gnoll sergeants
  A scorpion (D:3)
  13 wights
  Dowan (D:6)
  4 killer bees (D:9)
  A vampire bat (D:5)
  3 howler monkeys (D:9)
  An orc priest (D:3)
  2 jellies
  2 gnoll boudas
  4 hounds
  A sleepcap (D:5)
  4 iguanas
  Terence (D:2)
  Natasha (twice) (D:2)
  An orc wizard (D:7)
  25 gnolls
  5 adders
  2 shadow imps
  2 white imps (D:5)
  A worm (D:2)
  2 dart slugs (D:5)
  16 orcs
  8 ball pythons
  11 bats
  2 endoplasms
  3 giant cockroaches (D:1)
  3 goblins
  9 hobgoblins
  6 quokkas
  3 frilled lizards
  13 kobolds
  5 rats
197 creatures vanquished.

Notes
Turn   | Place    | Note
-------+----------+-------------------------------------------
     0 | D:1      | cheesebisquit the Troll Fighter began the quest for the
                  | Orb.
     0 | D:1      | Reached XP level 1. HP: 22/22 MP: 0/0
   172 | D:1      | Reached XP level 2. HP: 24/29 MP: 1/1
   612 | D:2      | Noticed Natasha
   617 | D:2      | Killed Natasha
   618 | D:2      | Reached skill level 3 in Unarmed Combat
   618 | D:2      | Reached XP level 3. HP: 35/36 MP: 2/2
   681 | D:2      | Found a glowing golden altar of the Shining One.
   741 | D:2      | Noticed Natasha
   751 | D:2      | Killed Natasha
   752 | D:2      | Reached XP level 4. HP: 38/45 MP: 3/3
   834 | D:2      | Noticed Sigmund
  1109 | D:2      | Noticed Terence
  1134 | D:2      | Killed Terence
  1158 | D:2      | Identified the +1 ring mail "Sodyid" {rF+ Dex+4}
  1350 | D:2      | Noticed Natasha
  1522 | D:3      | Reached skill level 4 in Unarmed Combat
  1522 | D:3      | Reached XP level 5. HP: 53/53 MP: 4/4
  1985 | D:3      | Found a transporter.
  1986 | D:3      | Noticed seaoflcl's ghost (amateur MiFi)
  1986 | D:3      | Noticed an ogre
  1987 | D:3      | Identified the +7 great mace of Calamity {elec, rF- Str+2
                  | Dex+6}
  1987 | D:3      | Noticed an ogre
  1989 | D:3      | Noticed an ogre
  2094 | D:4      | Noticed an ogre
  2249 | D:4      | Noticed Pargi
  2264 | D:4      | Killed Pargi
  2265 | D:4      | Reached XP level 6. HP: 54/61 MP: 5/5
  2479 | D:4      | Reached skill level 5 in Unarmed Combat
  2670 | D:4      | Found a staircase to the Ecumenical Temple.
  2675 | Temple   | Entered the Ecumenical Temple
  3028 | D:4      | Reached XP level 7. HP: 67/68 MP: 6/6
  3070 | D:5      | Entered Level 5 of the Dungeon
  3158 | D:5      | Reached skill level 6 in Unarmed Combat
  3180 | D:5      | Found an iron altar of Okawaru.
  3180 | D:5      | Found an ancient bone altar of Kikubaaqudgha.
  3181 | D:5      | Found a sparkling altar of Nemelex Xobeh.
  3326 | D:5      | Noticed Tiring's ghost (amateur GnCA)
  3358 | D:5      | Found a runed translucent gate.
  3358 | D:5      | Found a runed translucent gate.
  3360 | D:5      | You fall into a shaft and drop 2 floors!
  3461 | D:6      | Identified the +7 scimitar "Ogre's Funeral" {holy, rC+
                  | Str+3 Int+4}
  3556 | D:5      | Found a runed translucent gate.
  3565 | D:5      | Found a large runed translucent door.
  3566 | D:5      | Found a large runed translucent door.
  3718 | D:5      | Reached skill level 5 in Shields
  3718 | D:5      | Reached XP level 8. HP: 79/79 MP: 7/7
  3774 | D:5      | Reached skill level 7 in Unarmed Combat
  3952 | D:6      | Noticed Duvessa
  3953 | D:6      | Noticed Dowan
  3958 | D:6      | Killed Duvessa
  3964 | D:6      | Killed Dowan
  3970 | D:6      | Reached skill level 5 in Fighting
  3995 | D:6      | Reached skill level 8 in Unarmed Combat
  4183 | D:6      | Reached XP level 9. HP: 88/88 MP: 8/8
  4438 | D:6      | Reached skill level 9 in Unarmed Combat
  4604 | D:7      | Found an ornate altar of the Wu Jian Council.
  4614 | D:7      | Found a bloodstained altar of Trog.
  4621 | D:7      | Became a worshipper of the Wu Jian Council
  5473 | D:8      | Found a shadowy altar of Dithmenos.
  5745 | D:8      | Found a staircase to the Lair.
  5746 | D:8      | Noticed a komodo dragon
  6166 | D:9      | Reached skill level 10 in Unarmed Combat
  6323 | D:9      | Reached * piety under Wu Jian
  6328 | D:9      | Reached XP level 10. HP: 96/100 MP: 9/9
  6341 | D:9      | Noticed Joseph
  6358 | D:9      | Killed Joseph
  6447 | D:9      | Identified the +0 robe of the Black Moon {Str+4 Dex+3}
  6486 | D:9      | Reached skill level 11 in Unarmed Combat
  6789 | D:10     | Entered Level 10 of the Dungeon
  6789 | D:10     | Found a transporter.
  6795 | D:10     | Noticed a deep elf knight
  6799 | D:10     | Found a transporter.
  6802 | D:10     | Noticed a toenail golem
  6810 | D:10     | Noticed Snorg
  6824 | D:10     | Noticed Sonja
  6832 | D:10     | HP: 6/153 [Snorg (6)]
  6833 | D:10     | Killed Snorg
  6835 | D:10     | HP: 2/153 [Sonja/+1 short sword of draining (7)]
  6835 | D:10     | Slain by Sonja

Illustrated notes

Levels and vault maps discovered:
D:1:      dpeg_arrival_windows_large_door, layout_loops_cross
D:2:      layout_basic, basic_altar, uniq_sigmund, uniq_natasha, uniq_terence
D:3:      layout_loops_ring, gammafunk_ghost_smash
D:4:      layout_loops_ring, temple_doors_e, uniq_pargi
D:5:      layout_rooms, jmf_multi_god_temple2, gammafunk_temple_overflow_claw,
          gammafunk_ghost_split, chequers_serial_rivers_large_b, roderic_batcave
D:6:      layout_basic, uniq_duvessa
D:7:      layout_loops_ring, amethyst_overflow_temple_binary,
          grunt_decor_clamped
D:8:      layout_loops_ring, nicolae_dithmenos_shadow_blocks,
          david_lair_shrubbed
D:9:      layout_basic, uniq_joseph
D:10:     gammafunk_wand_slinger, layout_basic, gammafunk_ghost_abyssal_escape,
          hangedman_decor_clover_reticule, uniq_harold, uniq_snorg, uniq_sonja
Temple:   nicolae_temple_bog_church

Skill      XL: |  1  2  3  4  5  6  7  8  9 10 |
---------------+-------------------------------+-----
Shields        | 3 4 5 6 7 |  7.8
Unarmed Combat | 3 4 5 6 8 10 11 | 11.5
Fighting       | 3 4 5 6 7 |  7.1
Dodging        | 3 4 |  4.9

Action                     |  1- 3 |  4- 6 |  7- 9 | 10-12 || total
---------------------------+-------+-------+-------+-------++-------
  Melee: Unarmed           |    75 |   160 |   244 |    68 ||   547
  Throw: Dart              |       |     6 |    13 |    13 ||    32
         Boomerang         |       |       |    24 |       ||    24
Ability: Lunge             |       |       |    18 |     6 ||    24
         Whirlwind         |       |       |       |     2 ||     2
    Use: Potion            |       |     1 |     2 |     2 ||     5
         Scroll            |       |       |    12 |     2 ||    14
   Stab: Sleeping          |     1 |     1 |       |       ||     2
 Armour: Robe              |    32 |    26 |    32 |     5 ||    95
  Dodge: Dodged            |    15 |    62 |    61 |    15 ||   153
  Block: Kite shield       |    24 |    60 |   144 |    51 ||   279
         Reflection        |       |       |    10 |     5 ||    15
